 Dungeon Crawl Stone Soup version 0.24.0-13-gcf9b319 (webtiles) character file.

Game seed: 17023816740722801243, levelgen mode: deterministic

1999 Fang the Skirmisher (level 9, -8/57 HPs)
             Began as a Gargoyle Berserker on Nov 24, 2019.
             Was a Priest of Trog.
             Killed by divine providence
             ... invoked by an orc priest
              (12 damage)
             ... on level 6 of the Dungeon.
             The game lasted 00:05:57 (4595 turns).

Fang the Skirmisher (Gargoyle Berserker)            Turns: 4595, Time: 00:05:57

Health: -8/57      AC: 16    Str: 24    XL:     9   Next: 21%
Magic:  9/9        EV: 10    Int:  8    God:    Trog [***...]
Gold:   195        SH:  0    Dex:  9    Spells: 8/8 levels left

rFire    . . .     SeeInvis .   a - +0 war axe
rCold    . . .     Gourm    .   (no shield)
rNeg     + . .     Faith    .   b - +0 chain mail
rPois    ∞         Spirit   .   (no helmet)
rElec    +         Reflect  .   (no cloak)
rCorr    +         Harm     .   (no gloves)
MR       ++...                  (no boots)
Stlth    ..........             (no amulet)
HPRegen  1.19/turn              l - ring of resist corrosion
MPRegen  0.11/turn              (no ring)

@: regenerating
A: negative energy resistance 1, electricity resistance, unbreathing,
petrification resistance, rot immunity, AC +6
a: Berserk, Trog's Hand, Renounce Religion


You were on level 6 of the Dungeon.
You worshipped Trog.
Trog was most pleased with you.
You were hungry.

You visited 2 branches of the dungeon, and saw 7 of its levels.

You collected 195 gold pieces.

Inventory:

Hand Weapons
 a - a +0 war axe (weapon)
Armour
 b - a +0 chain mail (worn)
Jewellery
 l - a ring of resist corrosion (left hand)
Scrolls
 d - 3 scrolls of fog {unknown}
 e - a scroll of remove curse {unknown}
 f - 2 scrolls of enchant armour {unknown}
 g - 4 scrolls of identify {unknown}
 i - a scroll of noise {unknown}
 n - a scroll of amnesia {unknown}
 o - a scroll of magic mapping {unknown}
 p - a scroll of brand weapon {unknown}
Potions
 h - 6 potions of curing {unknown}
 j - 2 potions of heal wounds
 k - a potion of degeneration {unknown}
 m - a potion of flight {unknown}
Comestibles
 c - 7 rations
 q - 3 chunks of flesh


   Skills:
 + Level 7.2 Fighting
 + Level 6.0 Axes
 + Level 6.7 Armour
 + Level 5.1 Dodging


You had 8 spell levels left.
You didn't know any spells.
Your spell library was empty.

Dungeon Overview and Level Annotations

Branches:
Dungeon (6/15)             Temple (1/1) D:5

Altars:
Gozag
Hepliaklqana
Kikubaaqudgha
Okawaru
Sif Muna
Trog
Uskayaw
Zin

Annotations:
D:6 Sigmund


Innate Abilities, Weirdness & Mutations

You are resistant to torment.
Your stone body is resilient. (AC +6)
You are immune to poison.
You resist negative energy. (rN+)
You are resistant to electric shocks. (rElec)
You can survive without breathing.
You are immune to petrification.
You are immune to rotting.


Message History

The bullfrog hits you but does no damage.
The orc priest begins to cast a cantrip, but forgets the words!
The bullfrog barely misses you.
The orc priest calls down the wrath of Beogh upon you.
Beogh smites you! The bullfrog closely misses you.
The orc priest mumbles some strange prayers to Beogh against you.
Beogh smites you!
* * * LOW HITPOINT WARNING * * *
Your skin crawls.
You feel resistant to hostile enchantments.
You feel somewhat more hungry.
The bullfrog hits you but does no damage. x2
The gnoll hits you but does no damage.
The orc priest invokes the aid of Beogh against you.
Beogh smites you!
* * * LOW HITPOINT WARNING * * *
Something hits you but does no damage. The gnoll hits you but does no damage.
The orc priest calls down the wrath of Beogh upon you.
Beogh smites you!
You die...

###.......o..#......
#...##.......$......
#....((...........#.
######(.o...........
###########..g.....#..##.
#.......##o{..........#
#.......#.g.............
#.).....#F#..|.....#..##
#........@#........#...
#..................#
#...<...######.#####
#.......# #... #.......#
##### #.....>.# #########


You could see a bullfrog, 2 orc priests and a gnoll.

Vanquished Creatures
  Pikel (D:5)
  Grinder (D:5)
  Duvessa (D:4)
  A necrophage (D:5)
  A phantom (D:5)
  2 ogres
  A slave (D:5)
  A centaur (D:5)
  A bullfrog (D:5)
  2 scorpions (D:5)
  Dowan (D:4)
  A howler monkey (D:4)
  3 wights (D:6)
  A crimson imp (D:5)
  A jelly (D:6)
  2 orc priests (D:4)
  2 orc wizards
  Crazy Yiuf (D:5)
  Jessica (D:3)
  A hound skeleton (D:4)
  6 adders
  2 shadow imps (D:5)
  An adder skeleton (D:4)
  4 worms
  2 dart slugs (D:2)
  A leopard gecko (D:4)
  12 orcs
  4 giant cockroaches
  12 hobgoblins
  4 jackals (D:5)
  2 kobolds (D:1)
  5 quokkas
  2 ball pythons
  10 bats
  8 frilled lizards
  6 goblins
  A jackal skeleton (D:2)
  8 rats
116 creatures vanquished.

Vanquished Creatures (others)
  A human (D:4)
1 creature vanquished.

Grand Total: 117 creatures vanquished

Notes
Turn   | Place    | Note
-------+----------+-------------------------------------------
     0 | D:1      | Fang the Gargoyle Berserker began the quest for the Orb.
     0 | D:1      | Reached XP level 1. HP: 14/14 MP: 1/1
   136 | D:1      | Reached XP level 2. HP: 13/19 MP: 2/2
   663 | D:2      | Reached XP level 3. HP: 23/23 MP: 3/3
   669 | D:2      | Reached ** piety under Trog
  1040 | D:2      | Reached XP level 4. HP: 28/29 MP: 4/4
  1436 | D:3      | Noticed Jessica
  1439 | D:3      | Found an opulent altar of Gozag.
  1444 | D:3      | Killed Jessica
  1444 | D:3      | Reached skill level 4 in Fighting
  2148 | D:3      | Found an iron altar of Okawaru.
  2239 | D:4      | Reached XP level 5. HP: 30/33 MP: 5/5
  2278 | D:4      | Found a hazy altar of Hepliaklqana.
  2330 | D:4      | Noticed Duvessa
  2332 | D:4      | Noticed Dowan
  2344 | D:4      | Killed Dowan
  2356 | D:4      | Killed Duvessa
  2356 | D:4      | Reached XP level 6. HP: 27/39 MP: 6/6
  2600 | D:4      | Found a hide-covered altar of Uskayaw.
  2703 | D:4      | Found an ancient bone altar of Kikubaaqudgha.
  2715 | D:4      | Noticed a human
  2717 | D:4      | Killed a human
  2770 | D:4      | Reached *** piety under Trog
  2875 | D:4      | Reached skill level 5 in Fighting
  2878 | D:4      | Reached XP level 7. HP: 44/44 MP: 7/7
  2977 | D:5      | Entered Level 5 of the Dungeon
  2977 | D:5      | Found a staircase to the Ecumenical Temple.
  3064 | Temple   | Entered the Ecumenical Temple
  3192 | D:5      | Found a runed translucent door.
  3193 | D:5      | Noticed Crazy Yiuf
  3193 | D:5      | Noticed Grinder
  3306 | D:5      | Reached skill level 5 in Armour
  3457 | D:5      | Reached XP level 8. HP: 39/51 MP: 8/8
  3594 | D:5      | Reached skill level 6 in Fighting
  3751 | D:5      | Found an ancient bone altar of Kikubaaqudgha.
  3787 | D:5      | Noticed Pikel
  3799 | D:5      | Killed Pikel
  3799 | D:5      | Reached skill level 5 in Axes
  4038 | D:5      | Found a bloodstained altar of Trog.
  4294 | D:5      | Killed Crazy Yiuf
  4298 | D:5      | Paralysed by Grinder for 4 turns
  4321 | D:5      | Killed Grinder
  4321 | D:5      | Reached skill level 7 in Fighting
  4321 | D:5      | Reached skill level 5 in Dodging
  4321 | D:5      | Reached XP level 9. HP: 23/57 MP: 9/9
  4580 | D:6      | Noticed Sigmund
  4595 | D:6      | Killed from afar by an orc priest

Levels and vault maps discovered:
D:1:      lemuel_arrival_hallway, layout_rooms
D:2:      layout_basic
D:3:      layout_basic, kennysheep_okawaru_gauntlet,
          nicolae_overflow_hidden_temple, uniq_jessica
D:4:      layout_basic, kennysheep_mini, lemuel_coloured_pillars_altar,
          first_ration, tgw_kikubaaqudgha, uniq_duvessa
D:5:      layout_loops_ring, marbit_many_paths, lightli_temple_of_fire,
          minmay_temple_entry_tees, uniq_crazy_yiuf_cottage, uniq_pikel,
          uniq_grinder
D:6:      layout_rooms, uniq_prince_ribbit1, uniq_sigmund
Temple:   dpeg_chambers_temple

Skill      XL: |  1  2  3  4  5  6  7  8  9 |
---------------+----------------------------+-----
Axes           | 3 4 5 6 |  6.0
Dodging        | 2 3 5 |  5.1
Armour         | 3 4 5 6 |  6.7
Fighting       | 4 5 7 |  7.2

Action                   |  1- 3 |  4- 6 |  7- 9 || total
-------------------------+-------+-------+-------++-------
Melee: Hand axe          |   107 |   176 |   156 ||   439
       War axe           |       |       |   110 ||   110
Invok: Berserk           |       |     2 |     3 ||     5
       Trog's Hand       |       |       |     2 ||     2
  Eat: Chunk             |     1 |     6 |    10 ||    17
Armor: Animal skin       |    42 |    11 |       ||    53
       Chain mail        |       |    93 |   190 ||   283
Dodge: Dodged            |    84 |    82 |   132 ||   298
